 Dungeon Crawl Stone Soup version 0.17-a0-1625-g47e540b (webtiles) character file.

657096 abixa the Executioner (level 27, 0/261 HPs)
             Began as a Minotaur Berserker on Aug 1, 2015.
             Was the Champion of Trog.
             Slain by a storm dragon (16 damage)
             ... on level 1 of the Realm of Zot on Aug 2, 2015.
             The game lasted 06:50:56 (74592 turns).

abixa the Executioner (Minotaur Berserker)         Turns: 74592, Time: 06:50:56

Health: 0/261      AC: 36    Str: 24    XL:     27
Magic:  12/12      EV: 24    Int:  9    God:    Trog [******]
Gold:   2188       SH:  0    Dex: 26    Spells: 0 memorised, 26 levels left

rFire  + + .     SeeInvis +     a - +9 executioner's axe (antimagic)
rCold  + . .     Clarity  +     f - +7 plate armour "Lisit" {rC+ Regen+ Str-4 Stlth+}
rNeg   + + +     SustAt   .     (no shield)
rPois  +         Gourm    .     (helmet unavailable)
rElec  +         Spirit   .     e - +0 cloak {rPois}
rCorr  .         Warding  .     D - +0 pair of gloves "Ario" {rF++ Str+5 Int-3}
rMut   +         Stasis   .     s - +2 pair of boots of the Devil's Advocate {rN+ MR+}
MR     +++..                    c - amulet of resist mutation
Stlth  ..........               h - ring of Hosiph {*Corrode rElec rN++ Dex+4 SInv}
                                C - ring "Dagi" {Wiz Int+8}

@: about to teleport, constricted, extremely resistant to hostile enchantments,
extremely unstealthy
A: retaliatory headbutt, horns 3, molten scales 1, clarity
a: Burn Spellbooks, Berserk, Trog's Hand, Brothers in Arms, Renounce Religion
}: 4/15 runes: serpentine, barnacled, silver, abyssal


You were on level 1 of the Realm of Zot.
You worshipped Trog.
Trog was exalted by your worship.
You were very hungry.

You visited 12 branches of the dungeon, and saw 53 of its levels.
You visited the Abyss 1 time.
You visited 3 bazaars.
You also visited: Labyrinth.

You collected 7614 gold pieces.
You spent 5426 gold pieces at shops.

Inventory:

Hand weapons
 a - a +9 antimagic executioner's axe (weapon)
 d - the +6 arbalest "Hellfire" {hellfire, rF++ rC- MR+}
   (You took it off a merfolk on level 4 of the Shoals)

   It greatly protects you from fire.
   It makes you vulnerable to cold.
   It affects your resistance to hostile enchantments.
 m - the +6 arbalest of Uloen {penet, rC+}
   (Trog gifted it to you on level 1 of the Elven Halls)

   Ammo fired by it will pass through the targets it hits, potentially hitting
   all targets in its path until it reaches maximum range.
   It protects you from cold.
Missiles
 y - 1186 bolts
Armour
 e - a +0 cloak of poison resistance (worn)
 f - the +7 plate armour "Lisit" (worn) {rC+ Regen+ Str-4 Stlth+}
   (You bought it in a shop on level 5 of the Dungeon)

   It affects your strength (-4).
   It protects you from cold.
   It increases your rate of regeneration.
   It makes you more stealthy.
 q - the +2 pair of fencer's gloves {LBl+4 SBl+4 EV+3 Dex+6}
   (You bought it in a shop on level 4 of the Orcish Mines)

   It affects your evasion (+3).
   It affects your dexterity (+6).
 s - the +2 pair of boots of the Devil's Advocate (worn) {rN+ MR+}
   (You bought it in a shop on level 4 of the Orcish Mines)

   It protects you from negative energy.
   It affects your resistance to hostile enchantments.
 D - the +0 pair of gloves "Ario" (worn) {rF++ Str+5 Int-3}
   (You found it on level 2 of the Crypt)

   It affects your strength (+5).
   It affects your intelligence (-3).
   It greatly protects you from fire.
 V - the +2 pair of gloves "Atwuwno" {+Fly Dex+5 SInv}
   (You found it on level 4 of the Shoals)

   It affects your dexterity (+5).
   It lets you see invisible.
   It lets you fly.
Rods
 g - a +4 rod of clouds (10/10)
   (You found it on level 4 of the Depths)
Jewellery
 c - an amulet of resist mutation (around neck)
 h - the ring of Hosiph (right hand) {*Corrode rElec rN++ Dex+4 SInv}
   (You bought it in a shop on level 1 of the Orcish Mines)

   [ring of dexterity]

   It affects your dexterity (+4).
   It insulates you from electricity.
   It greatly protects you from negative energy.
   It lets you see invisible.
   It may corrode your equipment when you take damage.
 i - the ring of Robustness {AC+8}
   (You found it on level 1 of the Snake Pit)

   [ring of protection]

   It affects your AC (+8).
 n - an uncursed ring of protection from fire
 t - an uncursed ring of sustain attributes
 C - the ring "Dagi" (left hand) {Wiz Int+8}
   (You took it off a deep elf high priest on level 5 of the Vaults)

   [ring of wizardry]

   It improves your spell success rate.
   It affects your intelligence (+8).
 J - the ring "Xeovem" {rC+ MP+9 Int+3}
   (You found it on level 3 of the Depths)

   [ring of intelligence]

   It affects your intelligence (+3).
   It protects you from cold.
   It affects your magic capacity (+9).
 W - an uncursed amulet of the gourmand
 X - the ring of Shaolin {EV+8}
   (You found it on level 8 of the Dungeon)

   [ring of evasion]

   It affects your evasion (+8).
Magical devices
 G - a wand of teleportation (5)
 I - a wand of digging (11)
Scrolls
 j - 7 scrolls of fog
 k - 16 scrolls of identify
 o - 28 scrolls of remove curse
 p - a scroll of summoning
 u - 19 scrolls of teleportation
 x - 9 scrolls of blinking
 P - 5 scrolls of magic mapping
 S - a scroll of silence
 U - 2 scrolls of holy word
Potions
 v - 6 potions of agility
 w - 3 potions of cancellation
 z - 20 potions of curing
 A - 2 potions of haste
 E - 10 potions of heal wounds
 L - 12 potions of might
 M - 2 potions of cure mutation
 N - 4 potions of resistance
Miscellaneous
 l - a phial of floods
 F - a disc of storms
 H - a lamp of fire
Comestibles
 Z - 36 meat rations


   Skills:
 - Level 24.0 Fighting
 - Level 26.0 Axes
 - Level 20.0 Crossbows
 - Level 23.1 Armour
 + Level 21.5 Dodging
 - Level 23.0 Evocations


You had 26 spell levels left.
You didn't know any spells.

Dungeon Overview and Level Annotations

Branches:
Dungeon (15/15)            Temple (1/1) D:4            Lair (7/8) D:11
 Shoals (4/4) Lair:3        Snake (4/4) Lair:5          Orc (4/4) D:12
    Elf (3/3) Orc:3        Vaults (5/5) D:14          Crypt (3/3) Vaults:2
   Tomb (0/3) Crypt:3      Depths (5/5) D:15           Hell (1/1)
    Dis (0/7) Hell            Geh (0/7) Hell            Coc (0/7) Hell
    Tar (0/7) Hell            Zot (1/5) Depths:5
  Slime: Lair:6-8

Altars:
Ashenzari
Cheibriados
Dithmenos
Elyvilon
Fedhas
Gozag
Kikubaaqudgha
Makhleb
Nemelex Xobeh
Okawaru
Qazlal
Ru
Sif Muna
Trog
Vehumet
Xom
Yredelemnul
Zin
The Shining One
Jiyva

Shops:
D:4 %   D:5 [   D:8 :   D:10 [   Orc:1 =   Orc:4 [[[}   Elf:1 *   Elf:2 %
Vaults:1 }   Vaults:2 *   Vaults:5 !????%%!

Portals:
Hell: Depths:1 Depths:2 Depths:3 Depths:4 Depths:5
Abyss: Depths:4
Pandemonium: Depths:1 Depths:3 Depths:5
Ziggurat: Depths:5

Annotations:
Lair:7 exclusion: oklob plant
Elf:3 !immolation


Innate Abilities, Weirdness & Mutations

You reflexively headbutt those who attack you in melee.
You have a pair of large horns on your head.
You are partially covered in molten scales (AC +1).
You possess an exceptional clarity of mind.


Message History

The moth of wrath goads the fire dragon on!
The fire dragon goes berserk!
The moth of wrath goads the golden dragon on!
The golden dragon goes berserk!
The storm dragon completely misses you. You furiously retaliate!
You headbutt the storm dragon, but do no damage.
The storm dragon completely misses you. The storm dragon tramples you.
* * * LOW HITPOINT WARNING * * *
You hold your ground!
Drink which item? (? for menu, Esc to quit)
You feel much better.
The death cob hits you but does no damage.
The storm dragon misses you. You furiously retaliate!
You headbutt the storm dragon! The storm dragon misses you.
The storm dragon tramples you!
* * * LOW HITPOINT WARNING * * *
You hold your ground!
The storm dragon bites you but does no damage.
The storm dragon closely misses you. The storm dragon tramples you!
You die...

.............
................
................
.[.............
...... #'''''# .
......##.DD..##..
.....4qzXyDX..'..
....4DDqDDX...'..
....dqq@Df8y.>'..
.....dXd%ff...'..
.....f'%fD....'..
###...##..8..##..
##.. #'''''# $
.... ........
###. .........#
#. .#########


You could see 4 tentacled monstrosities, a purple draconian monk, a mottled
draconian knight, a golden dragon (berserk), 4 storm dragons, a curse toe, 3
draconians, 2 fire dragons, 2 ice dragons, a black draconian zealot, a yellow
draconian scorcher, 2 death cobs, 2 deathcaps, 2 moths of wrath, a hellwing, 3
wandering mushrooms and a sixfirhy.

Vanquished Creatures
  An ancient lich (Depths:4)
  Mara (Snake:4)
  Norris (Depths:1)
  Geryon (Hell)
  3 golden dragons
  Nikola (Snake:4)
  2 profane servitors
  Jory (Depths:5)
  the Enchantress (Depths:1)
  The ghost of asdu the Executioner, a great GrBe of Makhleb (Depths:2)
  5 bone dragons
  Jorgrun (Elf:2)
  Rupert (D:14)
  5 tentacled monstrosities
  11 liches
  The ghost of Cenon the Bludgeoner, a mighty MiFi of Okawaru (Shoals:3)
  4 titans
  4 quicksilver dragons
  2 deep elf blademasters
  5 tentacled starspawn
  3 deep elf master archers (Elf:3)
  3 ancient champions
  3 krakens
  6 sphinxes
  Gastronok (D:8)
  An Executioner (Abyss:3)
  7 shadow dragons
  5 storm dragons
  A thorn hunter (Abyss:3)
  The ghost of Alipheese the Peltast, a mighty NaMo of Cheibriados (Shoals:3)
  5 tengu reavers
  Roxanne (Snake:4)
  3 draconian monks (Depths:5)
  6 fire giants
  2 azure jellies (Depths:1)
  12 greater nagas
  Ilsuiw (Shoals:4)
  4 revenants
  12 deep elf sorcerers
  A daeva (Abyss:1)
  3 iron dragons
  Donald (Orc:4)
  Maud (D:11)
  9 frost giants
  Aizul (Shoals:2)
  Louise (Shoals:2)
  A balrug (Abyss:3)
  2 vault wardens
  3 curse skulls
  A draconian shifter (Depths:5)
  11 ironheart preservers
  16 ghouls
  A cacodemon (Depths:5)
  4 spriggan defenders
  4 draconian annihilators (Depths:5)
  5 reapers
  4 war gargoyles
  6 vampire knights
  17 very ugly things
  19 stone giants
  3 green draconians (Depths:5)
  4 black draconians (Depths:5)
  2 salamander firebrands
  2 salamander stormcallers
  15 ettins
  2 red draconians (Depths:5)
  10 deep elf demonologists
  A dire elephant (Abyss:3)
  9 deep elf annihilators (Elf:3)
  2 purple draconians
  2 green deaths
  A blizzard demon (Hell)
  28 vault guards
  Snorg (Orc:2)
  5 merfolk javelineers (Shoals:4)
  5 death oozes (Depths:1)
  A minotaur (Lab)
  A mummy priest (Crypt:3)
  7 jiangshi
  22 great orbs of eyes
  8 merfolk impalers
  3 quicksilver dragon zombies
  7 eidola
  Josephine (Lair:4)
  6 fire dragons
  13 deep elf death magi
  2 entropy weavers
  6 deep elf high priests
  Fannar (Lair:3)
  8 rakshasas
  18 naga warriors
  Harold (D:11)
  7 anacondas
  2 catoblepae
  11 yaktaur captains
  9 centaur warriors
  16 ice dragons
  9 hydras
  A hell beast (Hell)
  5 merfolk avatars
  4 alligator snapping turtles
  3 spriggan air magi
  25 ogre magi
  5 death knights
  2 merfolk aquamancers (Shoals:4)
  4 tengu warriors
  5 vampire magi
  15 dancing weapons (Elf:2)
  19 death yaks
  8 hell hogs
  A satyr (Abyss:3)
  17 naga sharpshooters
  A queen ant (Lair:5)
  3 spriggan berserkers
  12 deep troll earth magi
  9 deep troll shamans
  3 sun demons
  4 titan zombies
  3 iron golems (Hell)
  6 orc high priests
  9 soul eaters
  9 shock serpents
  Nergalle (Lair:3)
  3 fire crabs
  A storm dragon zombie (Depths:2)
  A titan skeleton (Abyss:3)
  6 unseen horrors
  9 wretched stars
  18 deep elf knights
  6 ice devils
  6 spatial maelstroms
  2 storm dragon skeletons (Vaults:2)
  An infernal demonspawn (Depths:5)
  7 iron trolls
  7 salamander mystics
  17 sea snakes
  37 skeletal warriors
  19 thrashing horrors
  A sea snake (shapeshifter) (D:13)
  29 small abominations
  10 hell knights
  10 shadow wraiths
  30 deep trolls
  A ghost moth zombie (Crypt:1)
  10 deep elf summoners
  51 starcursed masses
  An anaconda zombie (Hell)
  A kraken simulacrum (Hell)
  7 wizards
  5 naga ritualists
  A golden dragon zombie (Crypt:3)
  7 flayed ghosts
  4 death drakes (Depths:5)
  5 lindwurms (Depths:5)
  3 ice statues
  11 ironbrand convokers
  5 giant orange brains
  2 shadow demons (Abyss:3)
  3 hill giants
  A shadow dragon zombie (Vaults:4)
  A gelid demonspawn (Depths:5)
  19 orc knights
  24 deep elf conjurers
  An anubis guard (shapeshifter) (Depths:1)
  A tengu zombie (Vaults:4)
  An unseen horror (shapeshifter) (Vaults:2)
  33 harpies
  34 phantasmal warriors
  5 mana vipers
  4 oklob plants (D:14)
  10 manticores
  An anaconda skeleton (Hell)
  9 cyclopes
  4 wolf spiders
  20 griffons
  2 fire giant zombies
  The ghost of Eleanoora the Caller, an experienced MfIE of Sif Muna (D:6)
  A cyclops (shapeshifter) (Depths:3)
  An iron dragon zombie (Crypt:3)
  10 necromancers
  4 frost giant zombies
  2 hornets
  2 mana vipers (shapeshifter)
  A water nymph (shapeshifter) (Vaults:4)
  A shining eye (Abyss:2)
  A griffon (shapeshifter) (Vaults:4)
  2 sixfirhies
  A stone giant zombie (Depths:1)
  35 ugly things
  3 orc sorcerers
  17 salamanders
  2 orb spiders (Abyss:2)
  16 smoke demons
  A moth of wrath (Zot:1)
  11 water nymphs
  3 worldbinders
  8 fauns
  4 elephants (Lair:5)
  2 iron dragon skeletons
  8 human skeletons
  A stone giant skeleton (Crypt:1)
  9 guardian serpents
  An octopode (shapeshifter) (Depths:5)
  3 gargoyles
  6 orange demons
  A fire giant skeleton (Depths:2)
  8 sirens
  42 black mambas
  7 rust devils
  4 hellions
  30 naga magi
  8 vault sentinels
  5 spectral swamp worms (Depths:1)
  A spiny frog (shapeshifter) (Vaults:4)
  A komodo dragon (shapeshifter) (Vaults:2)
  36 yaktaurs
  A black draconian zombie (Crypt:2)
  2 tormentors
  A titan simulacrum (Depths:2)
  5 efreet
  A catoblepas zombie (Crypt:3)
  A fire drake (Lair:5)
  11 spiny frogs
  A storm dragon simulacrum (Abyss:3)
  7 komodo dragons
  3 demonic crawlers
  A yellow draconian zombie (Crypt:1)
  5 red devils
  19 deep elf priests
  8 hellwings
  11 ancient zymes
  2 queen bees (shapeshifter)
  2 yaktaur skeletons (Vaults:2)
  3 jumping spiders
  3 guardian mummies (Crypt:3)
  A giant leech (shapeshifter) (Depths:1)
  13 merfolk
  6 snapping turtles
  7 trolls
  6 wind drakes
  A yaktaur (shapeshifter) (Depths:3)
  3 harpy zombies (Shoals:2)
  15 freezing wraiths
  3 blue devils
  4 hydra zombies
  28 two-headed ogres
  32 large abominations
  26 raiju
  A wolf spider simulacrum (Crypt:2)
  24 slime creatures
  A griffon zombie (Shoals:2)
  A hydra skeleton (Hell)
  A queen bee (D:14)
  An alligator zombie (Crypt:3)
  An ettin zombie (Crypt:2)
  2 bog bodies
  A slime creature (shapeshifter) (Vaults:4)
  19 blink frogs
  2 fire giant simulacra
  An ice dragon zombie (Crypt:3)
  5 shadows
  8 boulder beetles
  A wyvern (D:14)
  12 redbacks
  An alligator skeleton (Hell)
  A tarantella (Vaults:1)
  A wyvern (shapeshifter) (Elf:1)
  4 ynoxinuls
  9 chaos spawn
  A spriggan (shapeshifter) (Depths:1)
  A spriggan (Depths:1)
  8 flying skulls
  3 hungry ghosts
  14 wraiths
  19 humans
  The ghost of abixa the Chopper, an average MiBe of Trog (D:3)
  A redback (shapeshifter) (Vaults:3)
  12 hippogriffs
  A basilisk (Lair:6)
  4 water elementals
  A trapdoor spider (Lab)
  34 deep elf magi
  6 golden eyes (Abyss:2)
  40 deep elf fighters
  3 steam dragons
  3 vampires
  43 yaks
  14 neqoxecs
  5 fire elementals
  3 mottled dragons
  8 spatial vortices
  A soldier ant (shapeshifter) (Elf:3)
  16 vampire mosquitoes
  A water nymph zombie (Crypt:1)
  3 wolves (Lair:5)
  5 wargs
  39 nagas
  2 monstrous demonspawn zombies (Crypt:2)
  15 water moccasins
  14 porcupines
  Duvessa (D:6)
  A spiny frog zombie (Crypt:3)
  A merfolk skeleton (Abyss:3)
  16 soldier ants
  2 spiders (Crypt:3)
  3 snapping turtle zombies
  15 necrophages
  3 hell hounds
  An anubis guard zombie (Crypt:2)
  2 eyes of draining
  A spiny frog skeleton (Hell)
  4 swamp drakes (Depths:5)
  3 sky beasts
  2 black bears
  5 ice beasts
  4 phantoms
  An alligator simulacrum (Hell)
  48 orc warriors
  23 centaurs
  An ice beast (shapeshifter) (Vaults:4)
  15 boggarts
  An orc skeleton (Vaults:2)
  A lindwurm skeleton (Crypt:2)
  64 ogres
  An anubis guard skeleton (Crypt:1)
  A snapping turtle skeleton (Crypt:2)
  19 crocodiles
  2 big kobolds
  2 brain worms
  20 giant frogs
  2 wyvern zombies
  Dowan (D:6)
  7 wyvern skeletons
  A hippogriff zombie (Shoals:2)
  A boulder beetle zombie (Crypt:2)
  A troll zombie (Crypt:3)
  5 scorpions
  A yak zombie (Crypt:1)
  A spriggan zombie (Crypt:2)
  5 quasits
  5 wights
  6 crimson imps
  48 killer bees
  A hound (shapeshifter) (D:14)
  5 giant frog zombies
  20 orc wizards
  A wasp zombie (D:8)
  4 centaur zombies
  2 giant frog skeletons
  6 centaur skeletons
  A human zombie (Crypt:3)
  8 iron imps
  6 jellies
  45 worker ants
  31 orc priests
  12 iguanas
  Terence (D:2)
  6 hounds
  An ogre zombie (Crypt:2)
  37 sheep
  A hound zombie (D:9)
  3 hound skeletons
  3 worker ant zombies
  21 adders
  5 gnolls
  59 river rats
  A steam dragon skeleton (Crypt:1)
  5 shadow imps
  3 ufetubi
  11 white imps
  5 oozes
  2 adder skeletons
  3 giant geckos
  185 orcs
  A bat zombie (Crypt:2)
  5 giant cockroaches
  5 goblins
  10 hobgoblins
  10 jackals
  11 quokkas
  4 bats
  A giant gecko skeleton (D:7)
  2 giant newts
  A jackal skeleton (D:4)
  19 kobolds
  A quokka skeleton (Crypt:1)
  9 rats
  3 crawling corpses
  6 fungi
  2 lurking horrors
  12 plants
  4 starspawn tentacles (Abyss:3)
  A starspawn tentacle segment (Abyss:3)
  9 tentacles
3079 creatures vanquished.

Vanquished Creatures (collateral kills)
  The ghost of Mulzaro the Shatterer, a great OgHu of Trog (Vaults:4)
  Polyphemus (Shoals:2)
  A draconian monk (Depths:5)
  A green draconian (Depths:5)
  A white draconian (Depths:5)
  2 purple draconians (Depths:5)
  A faun (Shoals:2)
  A siren (Shoals:2)
9 creatures vanquished.

Vanquished Creatures (others)
  A tengu reaver (Vaults:4)
  A draconian monk (Depths:5)
  A deep elf sorcerer (Vaults:5)
  A vault warden (Vaults:5)
  2 very ugly things (Vaults:5)
  A deep elf demonologist (Vaults:5)
  A salamander stormcaller (Vaults:2)
  A white draconian (Depths:5)
  A yaktaur captain (Depths:5)
  A death yak (Lair:7)
  A shadow wraith (Vaults:3)
  A deep elf knight (Elf:1)
  8 yaktaurs
  An alligator zombie (Hell)
  A spriggan zombie (Depths:2)
  A small abomination (Abyss:2)
  A naga (Snake:1)
  A deep elf fighter (Elf:2)
  A naga (shapeshifter) (Vaults:5)
  3 boggarts
  An orc warrior (Vaults:5)
  An ogre (Vaults:4)
  5 killer bees (D:14)
  A jelly (shapeshifter) (Abyss:3)
  2 giant eyeballs (Abyss:3)
  A fire vortex (D:14)
  2 fungi
  8 lost souls
  A lurking horror (Abyss:1)
  16 plants
  8 starspawn tentacles
  98 starspawn tentacle segments
  24 tentacles
  648 tentacle segments
846 creatures vanquished.

Grand Total: 3934 creatures vanquished

Notes
Turn   | Place    | Note
--------------------------------------------------------------
     0 | D:1      | abixa the Minotaur Berserker began the quest for the Orb.
     0 | D:1      | Reached XP level 1. HP: 19/19 MP: 0/0
    74 | D:1      | Reached skill level 4 in Axes
    87 | D:1      | Reached XP level 2. HP: 16/26 MP: 1/1
   246 | D:1      | Reached skill level 5 in Axes
   287 | D:1      | Reached XP level 3. HP: 15/31 MP: 2/2
   333 | D:1      | Acquired Trog's second power
   644 | D:2      | Found a shimmering altar of Xom.
   649 | D:2      | Noticed Terence
   664 | D:2      | Killed Terence
   664 | D:2      | Reached skill level 6 in Axes
   664 | D:2      | Reached XP level 4. HP: 30/39 MP: 3/3
   837 | D:2      | Found a sacrificial altar of Ru.
   874 | D:2      | Found a sparkling altar of Nemelex Xobeh.
   910 | D:2      | Reached XP level 5. HP: 43/45 MP: 4/4
  1056 | D:2      | Found a shadowy altar of Dithmenos.
  1088 | D:2      | Reached skill level 7 in Axes
  1200 | D:2      | Found a shattered altar of Ashenzari.
  1200 | D:2      | Found a burning altar of Makhleb.
  1264 | D:3      | Noticed abixa's ghost (average MiBe)
  1312 | D:3      | Killed abixa's ghost
  1312 | D:3      | Reached skill level 8 in Axes
  1312 | D:3      | Reached XP level 6. HP: 51/51 MP: 5/5
  1911 | D:4      | Reached skill level 9 in Axes
  2088 | D:4      | Found a staircase to the Ecumenical Temple.
  2115 | Temple   | Entered the Ecumenical Temple
  2197 | D:4      | Found Jaethuk's Food Boutique.
  2296 | D:4      | Reached XP level 7. HP: 52/59 MP: 6/6
  2399 | D:4      | Got a pitted hand axe
  2402 | D:4      | Identified the cursed +3 hand axe of Xuggujea {flame, *Confuse +Fly rF+ Stlth+} (You found it on level 4 of the Dungeon)
  2640 | D:5      | Entered Level 5 of the Dungeon
  2849 | D:5      | Found a sparkling altar of Nemelex Xobeh.
  3159 | D:5      | Found Moepry's Antique Armour Shop.
  3522 | D:6      | Noticed Duvessa
  3523 | D:6      | Noticed Dowan
  3554 | D:6      | Killed Duvessa
  3554 | D:6      | Reached skill level 5 in Fighting
  3713 | D:6      | Killed Dowan
  3752 | D:6      | Noticed Eleanoora's ghost (experienced MfIE)
  3765 | D:6      | Killed Eleanoora's ghost
  3765 | D:6      | Reached skill level 10 in Axes
  3765 | D:6      | Reached skill level 5 in Armour
  3765 | D:6      | Reached XP level 8. HP: 70/70 MP: 7/7
  4342 | D:7      | Acquired Trog's third power
  4715 | D:7      | Found a stormy altar of Qazlal.
  4762 | D:7      | Reached skill level 11 in Axes
  4762 | D:7      | Reached XP level 9. HP: 45/79 MP: 8/8
  5189 | D:8      | Found an iron altar of Okawaru.
  5694 | D:8      | Found Useanut's Book Emporium.
  5709 | D:8      | Noticed Gastronok
  5719 | D:8      | Killed Gastronok
  5719 | D:8      | Reached skill level 12 in Axes
  5719 | D:8      | Reached XP level 10. HP: 92/92 MP: 9/9
  6038 | D:9      | Reached skill level 10 in Fighting
  6068 | D:9      | Found a sparkling altar of Nemelex Xobeh.
  6074 | D:9      | Reached skill level 10 in Armour
  6160 | D:9      | Noticed a cyclops
  6179 | D:9      | Killed a cyclops
  6281 | D:9      | Reached skill level 13 in Axes
  6357 | D:9      | Received a gift from Trog
  6377 | D:9      | Found a bloodstained altar of Trog.
  6379 | D:9      | Noticed a hill giant
  6393 | D:9      | Killed a hill giant
  7272 | D:10     | Entered Level 10 of the Dungeon
  7286 | D:10     | Reached XP level 11. HP: 102/102 MP: 3/10
  7551 | D:10     | Found Noej's Armour Boutique.
  7833 | D:11     | Noticed Maud
  7842 | D:11     | Killed Maud
  7842 | D:11     | Reached skill level 14 in Axes
  7924 | D:11     | Found a staircase to the Lair.
  7944 | D:11     | Noticed Harold
  7954 | D:11     | Killed Harold
  8199 | D:11     | Got a slimy graven amulet
  8226 | D:11     | Identified the amulet of Othemuxe {Clar MR- Str+4 Int+2 Dex+2} (You found it on level 11 of the Dungeon)
  8706 | Lair:1   | Entered Level 1 of the Lair of Beasts
  8888 | Lair:1   | Reached skill level 15 in Axes
  8905 | Lair:1   | Received a gift from Trog
  9122 | Lair:1   | Got a slimy arbalest
  9123 | Lair:1   | Identified the cursed +1 arbalest "Diyqiw" {flame, rPois MP+9 Str-4} (You found it on level 1 of the Lair of Beasts)
  9149 | Lair:1   | Reached skill level 1 in Crossbows
  9639 | Lair:2   | Reached XP level 12. HP: 115/115 MP: 3/11
  9708 | Lair:2   | Noticed a four-headed hydra
  9717 | Lair:2   | Killed a one-headed hydra
  9717 | Lair:2   | Reached skill level 5 in Crossbows
  9962 | Lair:2   | Noticed a five-headed hydra
  9972 | Lair:2   | Killed a three-headed hydra
 10375 | Lair:3   | Received a gift from Trog
 10409 | Lair:3   | Noticed Nergalle
 10441 | Lair:3   | Killed Nergalle
 10528 | Lair:3   | Received a gift from Trog
 10529 | Lair:3   | Got a polished arbalest {god gift}
 10531 | Lair:3   | Identified the +2 arbalest "Yrinu" {elec, rF- MR+ Int+6 Stlth+} (Trog gifted it to you on level 3 of the Lair of Beasts)
 10533 | Lair:3   | Found a staircase to the Shoals.
 10633 | Lair:3   | Noticed a six-headed hydra
 10643 | Lair:3   | Killed a one-headed hydra
 10652 | Lair:3   | Noticed a seven-headed hydra
 10653 | Lair:3   | Noticed Fannar
 10677 | Lair:3   | Killed a one-headed hydra
 11416 | Lair:4   | Reached skill level 16 in Axes
 11447 | Lair:4   | Noticed Josephine
 11632 | Lair:3   | Killed Fannar
 11690 | Lair:3   | You fall through a shaft for 3 floors!
 11877 | Lair:6   | Noticed a four-headed hydra
 11885 | Lair:6   | Killed a one-headed hydra
 11885 | Lair:6   | Reached XP level 13. HP: 114/123 MP: 3/12
 11951 | Lair:6   | Noticed a five-headed hydra
 11959 | Lair:6   | Killed a one-headed hydra
 12044 | Lair:6   | Noticed a catoblepas
 12069 | Lair:6   | Killed a catoblepas
 12610 | Lair:5   | Received a gift from Trog
 12703 | Lair:5   | Reached skill level 17 in Axes
 12714 | Lair:5   | Received a gift from Trog
 12875 | Lair:5   | Found a staircase to the Snake Pit.
 13280 | Lair:4   | Killed Josephine
 13393 | Lair:4   | Received a gift from Trog
 13438 | Lair:4   | Received a gift from Trog
 13617 | Lair:2   | Identified 2 scrolls of acquirement
 13978 | D:5      | Bought a distressingly furry plate armour for 616 gold pieces
 13988 | D:5      | Identified the +7 plate armour "Lisit" {rC+ Regen+ Str-4 Stlth+} (You bought it in a shop on level 5 of the Dungeon)
 14191 | D:12     | Found a staircase to the Orcish Mines.
 14278 | D:12     | Received a gift from Trog
 14345 | D:12     | Reached skill level 18 in Axes
 14359 | D:12     | Found a labyrinth entrance.
 14375 | Lab      | Entered a labyrinth
 14775 | Lab      | Reached skill level 15 in Fighting
 14793 | Lab      | Received a gift from Trog
 14996 | Lab      | Identified the Incunabulum of Captivating Good Luck
 14997 | Lab      | Got a twisted shadow dragon armour
 15044 | D:12     | Identified the +5 shadow dragon armour "Bexuzuf" {SInv Stlth++++} (You found it in a labyrinth)
 15096 | D:12     | Found a blossoming altar of Fedhas.
 15414 | D:12     | Reached XP level 14. HP: 135/135 MP: 4/13
 15914 | Orc:1    | Entered Level 1 of the Orcish Mines
 16223 | Orc:2    | Noticed Snorg
 16234 | Orc:2    | Killed Snorg
 16234 | Orc:2    | Reached skill level 15 in Armour
 16356 | Orc:1    | Received a gift from Trog
 16390 | Orc:1    | Found Xaoko Fomny's Jewellery Shop.
 16920 | Orc:3    | Found a staircase to the Elven Halls.
 17067 | Orc:3    | Received a gift from Trog
 17229 | Orc:4    | Entered Level 4 of the Orcish Mines
 17262 | Orc:4    | Found a deep blue altar of Sif Muna.
 18004 | Orc:4    | Noticed Donald
 18070 | Orc:4    | Killed Donald
 18121 | Orc:4    | Received a gift from Trog
 18961 | Orc:4    | Found Voexisme's Armour Boutique.
 18961 | Orc:4    | Found Lusuufio's Gadget Boutique.
 19030 | Orc:4    | Found Nonkeh's Armour Shop.
 19030 | Orc:4    | Found Amofem's Armour Boutique.
 19359 | Orc:4    | Identified Sif Muna's Papyrus of Attacks
 19770 | Lair:7   | Received a gift from Trog
 19808 | Lair:7   | Reached skill level 19 in Armour
 20862 | Lair:7   | Reached XP level 15. HP: 112/141 MP: 4/14
 21574 | D:13     | Found a glowing silver altar of Zin.
 21578 | D:13     | Received a gift from Trog
 21946 | D:14     | Found a gate to the Vaults.
 21946 | D:14     | Noticed Rupert
 21969 | D:14     | Reached skill level 20 in Axes
 21990 | D:14     | Killed Rupert
 22295 | D:14     | Received a gift from Trog
 23730 | D:14     | Got a bloodstained great mace
 23791 | D:15     | Entered Level 15 of the Dungeon
 24188 | D:15     | Received a gift from Trog
 24441 | D:15     | Found a staircase to the Depths.
 24858 | Shoals:1 | Entered Level 1 of the Shoals
 25256 | Shoals:1 | Reached XP level 16. HP: 147/157 MP: 5/15
 25790 | Shoals:1 | Reached skill level 21 in Armour
 26053 | Shoals:2 | Noticed Aizul
 26062 | Shoals:2 | Noticed Louise
 26067 | Shoals:2 | Killed Aizul
 26067 | Shoals:2 | Received a gift from Trog
 26075 | Shoals:2 | Killed Louise
 26411 | Shoals:2 | Reached skill level 22 in Armour
 26733 | Shoals:2 | Noticed Polyphemus
 26765 | Shoals:2 | Killed Polyphemus
 27009 | Shoals:2 | Reached skill level 23 in Armour
 27309 | Shoals:3 | Noticed Alipheese's ghost (mighty NaMo)
 27311 | Shoals:3 | Noticed Cenon's ghost (mighty MiFi)
 27356 | Shoals:3 | Killed Cenon's ghost
 27359 | Shoals:3 | Killed Alipheese's ghost
 27563 | Shoals:3 | Reached skill level 5 in Dodging
 27576 | Shoals:3 | Got a transparent hand axe
 28126 | Shoals:3 | Received a gift from Trog
 28293 | Shoals:4 | Entered Level 4 of the Shoals
 28402 | Shoals:3 | Identified the +4 hand axe "Beetle's Nightmare" {freeze, rElec rN+ MR+ Str+5} (You found it on level 3 of the Shoals)
 28578 | Shoals:4 | Got a pair of fine gloves
 28589 | Shoals:4 | Identified the +2 pair of gloves "Atwuwno" {+Fly Dex+5 SInv} (You found it on level 4 of the Shoals)
 28705 | Shoals:4 | Reached XP level 17. HP: 158/163 MP: 5/16
 28751 | Shoals:4 | Reached skill level 10 in Dodging
 29158 | Shoals:4 | Got a barnacled rune of Zot
 29311 | Shoals:4 | Noticed Ilsuiw
 29329 | Shoals:4 | Killed Ilsuiw
 29380 | Shoals:4 | Received a gift from Trog
 29977 | Shoals:4 | Received a gift from Trog
 30204 | Lair:2   | Upgraded the game from 0.17-a0-1617-gfba1302 to 0.17-a0-1625-g47e540b
 30290 | Snake:1  | Entered Level 1 of the Snake Pit
 30295 | Snake:1  | Found a blossoming altar of Fedhas.
 31859 | Snake:2  | Found a radiant altar of Vehumet.
 32491 | Snake:2  | Reached skill level 10 in Crossbows
 32692 | Snake:2  | Received a gift from Trog
 33329 | Snake:3  | Found a gateway to a bazaar.
 33354 | Snake:3  | Reached XP level 18. HP: 145/178 MP: 17/17
 33811 | Snake:3  | Received a gift from Trog
 34236 | Snake:4  | Entered Level 4 of the Snake Pit
 34443 | Snake:4  | Noticed Roxanne
 34451 | Snake:4  | Noticed Mara
 34728 | Snake:4  | Killed Mara
 34927 | Snake:4  | Received a gift from Trog
 35020 | Snake:4  | Reached skill level 15 in Crossbows
 35696 | Snake:4  | Received a gift from Trog
 35866 | Snake:4  | Noticed Nikola
 36631 | Snake:4  | Killed Nikola
 36639 | Snake:4  | Reached XP level 19. HP: 167/185 MP: 18/18
 36817 | Snake:4  | Got a serpentine rune of Zot
 37193 | Snake:4  | Killed Roxanne
 37195 | Snake:4  | Identified Roxanne's Grimoire of Clay (You took it off Roxanne on level 4 of the Snake Pit)
 37251 | Snake:4  | Received a gift from Trog
 37312 | Bazaar   | Entered a bazaar
 37314 | Bazaar   | Found Xarret's Book Boutique.
 37318 | Bazaar   | Found Eqaot's Jewellery Boutique.
 37318 | Bazaar   | Found Gontonat's Armour Boutique.
 37319 | Bazaar   | Found Afaisaofe's Book Boutique.
 37334 | Bazaar   | Bought a manual of Axes for 883 gold pieces
 37346 | Bazaar   | Bought an uncursed amulet of resist mutation for 480 gold pieces
 37351 | Bazaar   | Bought a +0 robe of magic resistance for 100 gold pieces
 37883 | Orc:4    | Bought the +2 pair of fencer's gloves {LBl+4 SBl+4 EV+3 Dex+6} for 513 gold pieces
 37883 | Orc:4    | Bought the +2 pair of boots of the Devil's Advocate {rN+ MR+} for 344 gold pieces
 38070 | Vaults:1 | Entered Level 1 of the Vaults
 38632 | Vaults:1 | Found Quxzer's Gadget Shoppe.
 39531 | Vaults:2 | Found a staircase to the Crypt.
 39834 | Vaults:2 | Found Zuompufy's General Store.
 39960 | Vaults:2 | Received a gift from Trog
 40398 | Vaults:3 | Received a gift from Trog
 40499 | Vaults:3 | Gained mutation: Scrolls take you a little longer to read. [a neqoxec]
 40506 | Vaults:3 | Received a gift from Trog
 41584 | Vaults:3 | Received a gift from Trog
 42014 | Vaults:4 | Reached XP level 20. HP: 181/193 MP: 19/19
 42202 | Vaults:4 | Noticed Mulzaro's ghost (great OgHu)
 42248 | Vaults:4 | Killed Mulzaro's ghost
 42511 | Vaults:4 | Received a gift from Trog
 43784 | Elf:1    | Entered Level 1 of the Elven Halls
 43809 | Elf:1    | Received a gift from Trog
 43812 | Elf:1    | Got a crystal arbalest {god gift}
 44286 | Elf:1    | Received a gift from Trog
 44536 | Elf:1    | Found Dymao's Assorted Antiques.
 44540 | Elf:1    | Reached skill level 1 in Evocations
 44547 | Elf:1    | Bought 2 orange potions for 41 gold pieces
 44888 | Elf:2    | Found Ydoy's Food Shop.
 44964 | Elf:2    | Received a gift from Trog
 45337 | Elf:2    | Received a gift from Trog
 45377 | Elf:2    | Reached skill level 5 in Evocations
 45407 | Elf:2    | Found a huge runed gate.
 45407 | Elf:2    | Found a huge runed gate.
 45407 | Elf:2    | Found a huge runed gate.
 45407 | Elf:2    | Found a huge runed gate.
 45407 | Elf:2    | Found a huge runed gate.
 45620 | Elf:2    | Noticed Jorgrun
 45631 | Elf:2    | Killed Jorgrun
 45920 | Elf:2    | Reached XP level 21. HP: 199/201 MP: 25/25
 46160 | Elf:3    | Entered Level 3 of the Elven Halls
 46254 | Elf:3    | Received a gift from Trog
 46532 | Elf:3    | Found a radiant altar of Vehumet.
 46900 | Elf:3    | Received a gift from Trog
 47141 | Elf:3    | Reached skill level 10 in Evocations
 47359 | Elf:3    | Received a gift from Trog
 47716 | Elf:3    | Received a gift from Trog
 48111 | Elf:3    | Identified the Almanac of Flight
 48287 | Elf:3    | Identified the Catalogue of Beguiling and Dislocation
 48290 | Elf:3    | Identified the +6 arbalest of Uloen {penet, rC+} (Trog gifted it to you on level 1 of the Elven Halls)
 48401 | Elf:3    | Got a jewelled arbalest {god gift}
 48402 | Elf:3    | Identified the +6 arbalest of Nej Qax {elec, rC+} (Trog gifted it to you on level 3 of the Elven Halls)
 48880 | D:8      | Bought a manual of Dodging for 1214 gold pieces
 49110 | Depths:1 | Entered Level 1 of the Depths
 49274 | Depths:1 | Received a gift from Trog
 49469 | Depths:1 | Reached skill level 15 in Dodging
 49475 | Depths:1 | Found a viscous altar of Jiyva.
 49556 | Depths:1 | Found a gateway to Hell.
 49579 | Depths:1 | Noticed the Enchantress
 49628 | Depths:1 | Killed the Enchantress
 49873 | Depths:1 | Found a one-way gate leading to the halls of Pandemonium.
 49967 | Depths:1 | Reached XP level 22. HP: 209/209 MP: 9/29
 49981 | Depths:1 | Received a gift from Trog
 50156 | Depths:2 | Noticed asdu's ghost (great GrBe)
 50234 | Depths:2 | Noticed Norris
 50261 | Depths:1 | Killed Norris
 50267 | Depths:1 | Received a gift from Trog
 50348 | Depths:2 | Found a flickering gateway to a bazaar.
 50408 | Bazaar   | Entered a bazaar
 50408 | Bazaar   | Found Yvim's General Store.
 50408 | Bazaar   | Found Tanir's Antique Weapon Shop.
 50457 | Bazaar   | Found Vetsojev's Antique Armour Shop.
 50505 | Bazaar   | Bought a pair of brightly glowing boots for 209 gold pieces
 50505 | Bazaar   | Bought a runed hat for 88 gold pieces
 50537 | Bazaar   | Identified the +2 pair of boots of the Dozen Wars {rElec MP+9 Slay-3 Stlth+} (You bought it in a shop in a bazaar)
 50739 | Depths:2 | Received a gift from Trog
 51343 | Depths:2 | Killed asdu's ghost
 52641 | Depths:3 | Lost mutation: Scrolls take you a little longer to read. [potion of cure mutation]
 52854 | Depths:3 | Received a gift from Trog
 53181 | Depths:3 | Reached skill level 15 in Evocations
 53316 | Depths:3 | Received a gift from Trog
 53343 | Depths:3 | Got a glittering golden ring
 53345 | Depths:3 | Identified the ring "Xeovem" {rC+ MP+9 Int+3} (You found it on level 3 of the Depths)
 53915 | Depths:4 | Reached XP level 23. HP: 215/215 MP: 10/34
 53986 | Depths:4 | Identified Kurucaz's Reference Book on Feathers and Attacks (You found it on level 4 of the Depths)
 53999 | Depths:4 | Found a deep blue altar of Sif Muna.
 54086 | Depths:4 | Noticed an ancient lich
 54099 | Depths:4 | Killed an ancient lich
 54114 | Depths:4 | Identified the Tome of the Ten Gods (You found it on level 4 of the Depths)
 54117 | Depths:4 | Identified the Almanac of Assistive Moulding
 54124 | Depths:4 | Identified a +4 rod of clouds (10/10) (You found it on level 4 of the Depths)
 54144 | Depths:4 | Identified the Almanac of Combat Magic (You found it on level 4 of the Depths)
 54147 | Depths:4 | Identified the Handbook of Evil Arts
 54196 | Depths:4 | Identified the Compendium of Companions (You found it on level 4 of the Depths)
 54369 | Depths:4 | Received a gift from Trog
 54459 | Depths:4 | Found a one-way gate to the infinite horrors of the Abyss.
 54466 | Depths:4 | Found a shattered altar of Ashenzari.
 54992 | Depths:5 | Entered Level 5 of the Depths
 55242 | Depths:5 | Noticed Jory
 55266 | Depths:5 | Killed Jory
 55487 | Depths:5 | Received a gift from Trog
 56835 | Depths:5 | Found a gate to the Realm of Zot.
 57188 | Depths:5 | Reached XP level 24. HP: 188/215 MP: 11/35
 57222 | Depths:5 | Found a gateway to a ziggurat.
 57243 | Depths:5 | Received a gift from Trog
 57475 | Depths:5 | Found a glowing golden altar of the Shining One.
 57516 | Depths:5 | Found a gateway to a bazaar.
 57853 | Hell     | Entered the Vestibule of Hell
 57853 | Hell     | Noticed Geryon
 57865 | Depths:5 | Received a gift from Trog
 59069 | Hell     | Killed Geryon
 59738 | Lair:2   | Identified the +1 great mace "Bunoumu" {holy, rPois Stlth+} (You found it on level 14 of the Dungeon)
 59906 | Orc:1    | Bought the ring of Hosiph {*Corrode rElec rN++ Dex+4 SInv} for 651 gold pieces
 60124 | Hell     | Gained mutation: You possess an exceptional clarity of mind. [potion of beneficial mutation]
 60125 | Hell     | Gained mutation: You have a pair of large horns on your head. [potion of beneficial mutation]
 60126 | Hell     | Gained mutation: You are partially covered in molten scales (AC +1). [potion of beneficial mutation]
 60503 | Vaults:5 | Entered Level 5 of the Vaults
 60639 | Vaults:4 | Received a gift from Trog
 60801 | Vaults:4 | Paralysed by a hornet for 4 turns
 61538 | Vaults:4 | Received a gift from Trog
 62060 | Vaults:4 | Reached XP level 25. HP: 228/228 MP: 15/36
 62302 | Vaults:4 | Received a gift from Trog
 62718 | Vaults:4 | Received a gift from Trog
 62866 | Vaults:5 | Got a scorched granite ring
 63108 | Vaults:5 | Found Variem's Magic Scroll Boutique.
 63108 | Vaults:5 | Found Uczumih's Magic Scroll Shoppe.
 63113 | Vaults:5 | Found Hiocep's Distillery.
 63127 | Vaults:5 | Found Kosodaaw's Food Boutique.
 63127 | Vaults:5 | Found Fadigg's Food Shoppe.
 63134 | Vaults:5 | Found Dini's Magic Scroll Emporium.
 63156 | Vaults:5 | Found Puimol's Distillery.
 63160 | Vaults:5 | Got a silver rune of Zot
 63190 | Vaults:5 | Found Qiolihag's Magic Scroll Boutique.
 63258 | Vaults:5 | Identified the ring "Dagi" {Wiz Int+8} (You took it off a deep elf high priest on level 5 of the Vaults)
 64770 | Vaults:5 | Received a gift from Trog
 65397 | Crypt:1  | Entered Level 1 of the Crypt
 66156 | Crypt:2  | Reached skill level 24 in Axes
 66163 | Crypt:2  | Received a gift from Trog
 66277 | Crypt:2  | Got a pair of warped gloves
 66290 | Crypt:2  | Identified the +0 pair of gloves "Ario" {rF++ Str+5 Int-3} (You found it on level 2 of the Crypt)
 67012 | Crypt:3  | Entered Level 3 of the Crypt
 67175 | Crypt:3  | Reached skill level 25 in Axes
 67246 | Crypt:3  | Found a basalt altar of Yredelemnul.
 67355 | Crypt:3  | Reached XP level 26. HP: 236/236 MP: 12/36
 67575 | Crypt:3  | Got a brightly glowing pewter amulet
 67576 | Crypt:3  | Identified the amulet "Saryh" {Inacc rPois rC+ MR- Stlth+} (You found it on level 3 of the Crypt)
 67985 | Crypt:3  | Reached skill level 26 in Axes
 68390 | Crypt:3  | Found a staircase to the Tomb.
 68908 | Crypt:3  | Identified the Almanac of Venomous Transmutation (You found it on level 3 of the Crypt)
 69541 | Depths:4 | Voluntarily entered the Abyss.
 70316 | Abyss:1  | Found a corrupted altar of Lugonu.
 70631 | Abyss:2  | Received a gift from Trog
 70865 | Abyss:2  | Found a corrupted altar of Lugonu.
 71525 | Abyss:2  | Found a corrupted altar of Lugonu.
 71782 | Abyss:2  | Paralysed by accursed screaming for 1 turns
 71993 | Abyss:3  | Found a corrupted altar of Lugonu.
 72154 | Abyss:3  | Received a gift from Trog
 72224 | Abyss:3  | Found a corrupted altar of Lugonu.
 72508 | Abyss:3  | Received a gift from Trog
 72710 | Abyss:3  | Reached XP level 27. HP: 246/246 MP: 12/37
 72848 | Abyss:3  | Received a gift from Trog
 73213 | Abyss:3  | Paralysed by a giant eyeball for 2 turns
 73220 | Abyss:3  | Paralysed by a giant eyeball for 3 turns
 73233 | Abyss:3  | Found a corrupted altar of Lugonu.
 73332 | Abyss:3  | Paralysed by accursed screaming for 1 turns
 73487 | Abyss:3  | Got an abyssal rune of Zot
 73769 | Depths:4 | Escaped the Abyss
 73902 | Bazaar   | Entered a bazaar
 73915 | Bazaar   | Found Ocsaop's Armour Shoppe.
 73915 | Bazaar   | Found Ytzusah's Magic Scroll Shoppe.
 73951 | Bazaar   | Found Jeriulid's Antique Armour Emporium.
 73951 | Bazaar   | Found Ifelujole's Food Emporium.
 73990 | Bazaar   | Bought 2 scrolls of fog for 56 gold pieces
 73990 | Bazaar   | Bought a scroll of identify for 28 gold pieces
 73990 | Bazaar   | Bought a scroll of identify for 28 gold pieces
 73990 | Bazaar   | Bought a scroll of identify for 28 gold pieces
 73990 | Bazaar   | Bought a scroll of blinking for 105 gold pieces
 73990 | Bazaar   | Bought a scroll of teleportation for 42 gold pieces
 74135 | Hell     | Found a gateway to the ashen valley of Gehenna.
 74258 | Hell     | Found a gateway to the decaying netherworld of Tartarus.
 74356 | Hell     | Found a gateway to the freezing wastes of Cocytus.
 74437 | Hell     | Found a gateway to the Iron City of Dis.
 74570 | Zot:1    | Entered Level 1 of the Realm of Zot
 74592 | Zot:1    | Slain by a storm dragon

Vault maps used:
D:1:      scummos_arrival_simple_crosswalls, st_stairs_6
D:2:      nicolae_ru_great_annihilating_truth, gammafunk_temple_overflow_wave,
          nicolae_overflow_crystal_walls, old_standard_altar, nemelex_deck,
          uniq_terence
D:4:      minmay_temple_entry_statues, first_bread, serial_shops, shop,
          kennysheep_generic_room_6
D:5:      serial_shops, shop, basic_altar
D:6:      uniq_duvessa
D:7:      basic_altar
D:8:      black_bear_nest_2, okawaru_gym_becter, serial_shops, shop,
          uniq_gastronok
D:9:      hangedman_feature_mirror
D:10:     serial_shops, kennysheep_mini
D:11:     dpeg_lair_monsters, blue_anna_alchemist, uniq_harold, uniq_maud
D:12:     orc_0_dummy, lab_entry_generic, minivault_16,
          fedhas_bush_and_centaur_altar
D:13:     basic_altar
D:14:     hangedman_what_comes_after_a, david_vaults_3, corexii_leaking_fountain
D:15:     grunt_enter_depths_hoard, minmay_misc_feat_alley
Temple:   circular_temple_pool_12
Lair:1:   hangedman_lair_unloving_vines
Lair:2:   serial_bayou_shore_b, grunt_megastairs_5
Lair:3:   minmay_shoals_entry_lonely_mermaid, uniq_nergalle, uniq_fannar
Lair:4:   minivault_26, uniq_josephine
Lair:5:   minmay_snake_entry_spellcaster, zaba_anthell
Lair:7:   minmay_slime_entry_oklob_enclosed
Shoals:2: nicolae_shoals_undead_eyrie, uniq_louise, uniq_aizul, uniq_polyphemus
Shoals:3: nicolae_shoals_siren_and_animal_friends
Shoals:4: shoals_end_hangedman, shoals_ilsuiw_alternative
Snake:1:  basic_altar, grunt_ministairs_2, spider_trap
Snake:2:  basic_altar, nicolae_snake_linked_coils, grunt_megastairs_4,
          serial_bayou_shore_b
Snake:3:  kennysheep_snake, serial_shops, bzr_entry_road, serial_bayou_shore_a,
          grunt_megastairs_1
Snake:4:  snake_pit, serial_bayou_pond_e, st_stairs_6, uniq_roxanne, uniq_mara,
          uniq_nikola
Orc:1:    serial_shops, nicolae_shop_competitors_out_of_business
Orc:2:    uniq_snorg
Orc:3:    nicolae_orc_pool_cavern
Orc:4:    st_orc_pillars, led_sif_book, uniq_donald
Elf:1:    eino_elf_arrival_customs, serial_shops, shop_statue, minivault_28,
          minivault_5
Elf:2:    serial_shops, shop, grunt_ministairs_10, basic_stair_grate_trap,
          uniq_jorgrun
Elf:3:    nooodl_elf_gasket, solitary_fountain, david_defended_altar_elf
Vaults:1: nicolae_vaults_asterisk, grunt_vaults_diagonal, vaults_room_grid,
          v_misc_19, vaults_room_grid, serial_shops,
          nicolae_shop_window_shopping
Vaults:2: minmay_crypt_entry_skeletal_spiral, hangedman_vaults_slice,
          vaults_room_grunt_arrival_checkpoint, vaults_mumra_chevron_long,
          nicolae_vaults_ring_of_whatevers, nicolae_vaults_circle_grid_a,
          nicolae_vaults_triangles, hangedman_vaults_cutoff, vaults_mumra_lcd,
          grunt_vaults_funnel, vaults_room_door_hall, vaults_room_pool,
          ontoclasm_vaults_twist, serial_shops, shop
Vaults:3: grunt_vaults_hallway_long, vaults_dpeg_ring, nicolae_vaults_little_ls,
          v_alt_pattern_3, hangedman_vaults_restitches, hangedman_vaults_slice,
          hangedman_vaults_hat, v_pattern_2, ontoclasm_vaults_chip,
          ontoclasm_vaults_ring_small, nicolae_vaults_asterisk,
          ontoclasm_vaults_loading_screen, vaults_room_pool
Vaults:4: grunt_vaults_twisty, v_misc_29, v_misc_29, vaults_dpeg_diagonal,
          nicolae_vaults_alarming, v_pattern_5, vaults_dpeg_doors,
          hangedman_vaults_slither, ontoclasm_vaults_ring_square,
          nicolae_vaults_rhombus_6
Vaults:5: serial_shops
Crypt:2:  nicolae_crypt_niches
Crypt:3:  evilmike_haunted_forest
Depths:1: serial_sigils_hangedman_stare, special_room, pf_hell_entry_tar_river,
          pan_entry, st_stairs_8, kennysheep_small_square, serial_bayou_shore_b,
          uniq_enchantress
Depths:2: evilmike_cross, grunt_decor_one_mirror, serial_shops,
          bzr_entry_customers, hell_entry, spider_trap, uniq_norris
Depths:3: cell_vault, hell_entry, hangedman_abyss_or_decor_passed,
          grunt_pan_entry_spiral, minivault_12, minmay_staircase_statues,
          basic_stair_grate_trap
Depths:4: evilmike_library_of_no_secrets, abyss_entry, ashenzari_altar_1,
          hell_entry
Depths:5: lemuel_castle_with_subvaults, enter_ziggurat_a,
          rand_demon_pan_entry_9, hex_medium, hell_entry, serial_shops,
          bzr_firewalk, tso_altar, uniq_jory
Zot:1:    evilmike_ambush
Abyss:3:  evilmike_abyss_exit_1, due_abyss_rune
Lab:      nicolae_lab_hexagon, nicolae_lab_blocks, nicolae_lab_starburst,
          labyrinth_skeletal_remains
Bazaar:   bazaar_minmay_cross, bazaar_jpeg_cross, grunt_bazaar_doublecross

Action                   |  1- 3 |  4- 6 |  7- 9 | 10-12 | 13-15 | 16-18 | 19-21 | 22-24 | 25-27 || total
-------------------------+-------+-------+-------+-------+-------+-------+-------+-------+-------++-------
Melee: Hand axe          |    73 |   110 |    60 |    30 |    25 |    14 |       |       |       ||   312
       War axe           |       |    36 |   170 |   112 |       |       |       |       |       ||   318
       Battleaxe         |       |       |       |   377 |  1465 |  1480 |  1873 |  1915 |   297 ||  7407
       Trident           |       |       |       |       |     8 |       |       |       |       ||     8
       Demon trident     |       |       |       |       |       |    12 |       |       |       ||    12
       Executioner's axe |       |       |       |       |       |       |       |       |  1791 ||  1791
 Fire: Arbalest          |       |       |       |       |     1 |     4 |     5 |       |       ||    10
Invok: Berserk           |       |     1 |     2 |     2 |     5 |     2 |     3 |     3 |     1 ||    19
       Burn Spellbooks   |       |       |     1 |     1 |     2 |       |       |       |     3 ||     7
       Trog's Hand       |       |       |       |       |     1 |     3 |       |       |       ||     4
       Brothers in Arms  |       |       |       |       |       |     2 |     2 |     1 |       ||     5
 Abil: Evoke Flight      |       |       |       |       |       |       |       |     2 |       ||     2
Evoke: Wand              |       |       |       |       |     2 |       |     3 |       |     2 ||     7
       Rod               |       |       |       |       |       |       |       |     2 |       ||     2
       Lamp of fire      |       |       |       |       |       |       |       |       |     1 ||     1
  Use: Scroll            |       |       |     1 |    17 |    14 |     8 |     6 |     3 |    11 ||    60
       Potion            |       |       |       |       |       |       |       |     4 |     1 ||     5
 Stab: Invisible         |       |     2 |       |       |       |       |       |       |       ||     2
       Paralysed         |       |     1 |       |       |       |       |       |       |       ||     1
       Distracted        |       |       |       |       |       |     2 |     3 |     1 |     1 ||     7
       Confused          |       |       |       |       |       |       |       |     1 |       ||     1
       Petrifying        |       |       |       |       |       |       |       |       |     1 ||     1
  Eat: Chunk             |       |     6 |    11 |    35 |    50 |    41 |    51 |    56 |    24 ||   274
       Beef jerky        |       |       |       |     1 |       |       |       |       |     1 ||     2
       Fruit             |       |       |       |       |       |       |       |       |     4 ||     4
       Royal jelly       |       |       |       |       |       |       |       |       |     2 ||     2
       Pizza             |       |       |       |       |       |       |       |       |     1 ||     1
